 Dungeon Crawl Stone Soup version 0.27-a0-660-g90476cec82 (webtiles) character file.

Game seed: 15467724226416406719

206 tsouns the Sneak (level 5, 0/31 HPs)
             Began as an Octopode Enchanter on Mar 16, 2021.
             Was an Initiate of Ashenzari.
             Slain by a bullfrog zombie (6 damage)
             ... on level 3 of the Dungeon.
             The game lasted 00:04:58 (2856 turns).

tsouns the Sneak (Octopode Enchanter)               Turns: 2856, Time: 00:04:58

Health: 0/31       AC:  1    Str:  7    XL:     5   Next: 84%
Magic:  6/9        EV: 14    Int: 18    God:    Ashenzari [......]
Gold:   48         SH:  0    Dex: 13    Spells: 0/9 levels left

rFire    . . .     SeeInvis .   a - +1 dagger
rCold    . . .     Faith    .   (no shield)
rNeg     . . .     Spirit   .   (helmet restricted)
rPois    .         Reflect  .   (no amulet)
rElec    .         Harm     .   (no ring)
rCorr    .         Rampage  .   (no ring)
Will     .....                  (no ring)
Stlth    ++++......             (no ring)
HPRegen  0.10/turn              (no ring)
MPRegen  0.11/turn              (no ring)
                                (no ring)
                                (no ring)

@: confusing by touch
A: almost no armour, amphibious, 8 rings, camouflage 1, gelatinous body 1,
nimble swimmer 1, tentacles
a: Renounce Religion, Curse Item


You were on level 3 of the Dungeon.
You worshipped Ashenzari.
Ashenzari was noncommittal.
You visited 1 branch of the dungeon, and saw 3 of its levels.

You collected 48 gold pieces.

Inventory:

Hand Weapons
 a - a +1 dagger (weapon)
Missiles
 c - 33 poisoned darts (quivered)
Jewellery
 l - a ring of fire
Scrolls
 b - a scroll of teleportation
 d - 2 scrolls of fear
 f - 2 scrolls of identify
 g - a scroll of noise
 h - a scroll of blinking
 i - a scroll of amnesia
Potions
 e - a potion of flight
 j - a potion of lignification
 k - a potion of ambrosia


   Skills:
 + Level 2.5 Short Blades
 + Level 3.1 Dodging
 + Level 5.4 Stealth
 + Level 2.9 Spellcasting
 + Level 3.8 Hexes


You couldn't memorise any spells.
You knew the following spells:

 Your Spells              Type           Power      Damage    Failure   Level
a - Corona                Hex            17%        N/A       3%          1
b - Ensorcelled Hibernat  Hex/Ice        18%        N/A       11%         2
c - Confusing Touch       Hex            16%        N/A       10%         3
d - Tukima's Dance        Hex            16%        N/A       10%         3

Your spell library contained the following spells:

 Spells                   Type           Power      Damage    Failure   Level
 Dazzling Flash           Conj/Hex       18%        N/A       22%         3


Dungeon Overview and Level Annotations

Branches:
Dungeon (3/15)

Altars:
Ashenzari
Zin


Innate Abilities, Weirdness & Mutations

You cannot wear most types of armour.
You are amphibious.
You can wear up to eight rings at the same time.
Your skin changes colour to match your surroundings (Stealth+).
Your rubbery body absorbs attacks. (AC +1, EV +1)
You are stealthy while swimming. (Stealth+)
You have tentacles for arms and can constrict up to eight enemies at once.


Message History

You hit the hobgoblin.
You squeeze the hobgoblin, but do no damage.
The hobgoblin is heavily wounded.
You constrict the hobgoblin, but do no damage.
The hobgoblin closely misses you.
You hit the hobgoblin but do no damage.
The hobgoblin is heavily wounded.
You constrict the hobgoblin. The hobgoblin barely misses you.
You hit the hobgoblin.
You kill the hobgoblin!
You hit the bullfrog zombie. You grab the bullfrog zombie.
The bullfrog zombie is lightly damaged.
You constrict the bullfrog zombie. The bullfrog zombie hits you.
You hit the bullfrog zombie.
You squeeze the bullfrog zombie, but do no damage.
The bullfrog zombie is lightly damaged.
You constrict the bullfrog zombie. The bullfrog zombie hits you.
You hit the bullfrog zombie.
The bullfrog zombie is lightly damaged.
You constrict the bullfrog zombie. The bullfrog zombie hits you.
You barely miss the bullfrog zombie.
The bullfrog zombie is moderately damaged.
You constrict the bullfrog zombie. The bullfrog zombie closely misses you.
Casting: Ensorcelled Hibernation (safe; 11% risk of failure)
Confirm with . or Enter, or press ? or * to list all spells.
The spell is quite dangerous to cast (10% risk of failure)!
Continue anyway?
Okay, then.
Unknown command.
Casting: Confusing Touch (quite dangerous; 10% risk of failure)
Confirm with . or Enter, or press ? or * to list all spells.
The spell is quite dangerous to cast (10% risk of failure)!
Continue anyway?
Your tentacles begin to glow red.
You constrict the bullfrog zombie. The bullfrog zombie misses you.
The bullfrog zombie hits you.
* * * LOW HITPOINT WARNING * * *
Unknown command.
You hit the bullfrog zombie but do no damage.
You squeeze the bullfrog zombie, but do no damage.
The bullfrog zombie is moderately damaged.
You constrict the bullfrog zombie. The bullfrog zombie hits you.
You die...

#......##########
#................# #.
#.##.............# ##.
#..).............# ..
#..#.............#
###.##..#.............#
....#..#.....†.......#
#..#..#.............#
#.##.#@.#.............#
#....Z†.#........[....#
#.......#.##.............#
....#####.##.............#
#.. #.########........ #
#.# #..###### #.# #..# #.#
#..# #.# #..#


You could see a bullfrog zombie.

Vanquished Creatures
  Natasha (thrice) (D:2)
  5 adders
  2 worms (D:2)
  3 dart slugs
  2 leopard geckos
  3 giant cockroaches
  4 goblins
  14 hobgoblins
  6 jackals
  11 kobolds
  10 bats
  4 frilled lizards
  4 rats
71 creatures vanquished.

Notes
Turn   | Place    | Note
-------+----------+-------------------------------------------
     0 | D:1      | tsouns the Octopode Enchanter began the quest for the Orb.
     0 | D:1      | Reached XP level 1. HP: 11/11 MP: 3/3
   184 | D:1      | Reached XP level 2. HP: 13/17 MP: 5/5
   913 | D:1      | Reached XP level 3. HP: 5/21 MP: 6/6
  1149 | D:1      | Learned a level 2 spell: Ensorcelled Hibernation
  1788 | D:2      | Noticed Natasha
  1795 | D:2      | Killed Natasha
  1796 | D:2      | Reached XP level 4. HP: 27/27 MP: 7/7
  2067 | D:2      | Found a broken altar of Ashenzari.
  2076 | D:2      | Noticed Natasha
  2078 | D:2      | Became a worshipper of Ashenzari the Shackled
  2083 | D:2      | Killed Natasha
  2086 | D:2      | Reached skill level 5 in Stealth
  2086 | D:2      | Reached XP level 5. HP: 27/31 MP: 3/9
  2383 | D:2      | Noticed Natasha
  2392 | D:2      | Killed Natasha
  2398 | D:2      | Learned a level 3 spell: Confusing Touch
  2442 | D:2      | Learned a level 3 spell: Tukima's Dance
  2481 | D:2      | Found a glowing silver altar of Zin.
  2856 | D:3      | Slain by a bullfrog zombie

Illustrated notes

Levels and vault maps discovered:
D:1:      lightli_iron_boxes, layout_loops_ring
D:2:      layout_rooms, lemuel_doored_altar, zin_scriptorium,
          minmay_indecisive_spiral, uniq_natasha
D:3:      layout_basic, fedhas_altar_1, corexii_item_surrounded_by_moat

Skill      XL: |  1  2  3  4  5 |
---------------+----------------+-----
Short Blades   | 2 |  2.5
Stealth        | 5 |  5.4
Dodging        | 3 |  3.1
Spellcasting   | |  2.9
Hexes          | |  3.8

Action                   |  1- 3 |  4- 6 || total
-------------------------+-------+-------++-------
Melee: Dagger            |    66 |    84 ||   150
       Constrict         |    16 |    21 ||    37
       Tentacles         |     9 |    15 ||    24
Throw: Dart              |     6 |       ||     6
 Cast: Ensorcelled Hiber |     4 |    12 ||    16
       Confusing Touch   |       |     1 ||     1
       Corona            |       |     1 ||     1
 Stab: Sleeping          |    13 |    17 ||    30
Armor: Skin              |     8 |     8 ||    16
Dodge: Dodged            |    34 |    45 ||    79

Table legend: (Time is in decaauts)
 A = Elapsed time spent in this place.
 B = Non-inter-level travel time spent in this place.
 C = Inter-level travel time spent in this place.
 D = Time resting spent in this place.
 E = Time spent auto-exploring this place.
 F = Levels seen in this place.
 G = Mean time per level.
                   A        B        C        D        E       F      G
               +--------+--------+--------+--------+--------+-----+--------+
         Total |   2841 |   2827 |     14 |      0 |   2305 |   3 |  947.0 |
       Dungeon |   2841 |   2827 |     14 |      0 |   2305 |   3 |  947.0 |
               +--------+--------+--------+--------+--------+-----+--------+

Top non-repeatable levels by time:
     D:1: 1419 daAuts
     D:2: 1293 daAuts
     D:3: 128 daAuts
